 Dungeon Crawl Stone Soup version 0.18-a0-1203-gbde16db (webtiles) character file.

637584 Duffy the Archmage (level 27, -6/165 HPs)
             Began as a Deep Elf Fire Elementalist on Jan 31, 2016.
             Was the Champion of Vehumet.
             Mangled by an eldritch tentacle (8 damage)
             ... called by an ancient lich
             ... while paralysed by an eldritch tentacle
             ... on level 3 of the Crypt.
             The game lasted 04:40:53 (108019 turns).

Duffy the Archmage (Deep Elf Fire Elementalist)   Turns: 108019, Time: 04:40:53

Health: -6/165     AC: 27    Str:  5    XL:     27
Magic:  0/74       EV:  2    Int: 34    God:    Vehumet [******]
Gold:   4779       SH:  0    Dex: 15    Spells: 16 memorised, 1 level left

rFire  + + .     SeeInvis +     a - +3 Elemental Staff {rElec rF++ rC++ MR++ AC+5}
rCold  + + .     Gourm    .     U - +5 steam dragon armour
rNeg   + + +     Faith    .     k - +2 buckler {rN+}
rPois  .         Spirit   +     W - +2 hat of the Bear Spirit {Spirit, +Rage rN+ MR++}
rElec  +         Dismiss  .     q - +2 cloak {MR+}
rCorr  .         Reflect  .     P - +2 pair of gloves
SustAt .         Harm     .     H - +2 pair of boots
MR     +++++                    m - macabre finger necklace {rN+}
Stlth  ++++......               y - ring of magical power
                                S - ring of magical power
                                X - ring of see invisible

@: paralysed, lethally poisoned (-6 -> -8), very slightly contaminated, almost
entirely resistant to hostile enchantments, stealthy
A: no striking features
a: Renounce Religion, Evoke Berserk Rage
}: 3/15 runes: serpentine, barnacled, slimy


You were on level 3 of the Crypt.
You worshipped Vehumet.
Vehumet was exalted by your worship.
You were not hungry.

You visited 10 branches of the dungeon, and saw 54 of its levels.
You also visited: Trove, Sewer, Ice Cave and Wizlab.

You collected 6548 gold pieces.
You spent 1769 gold pieces at shops.


   Skills:
 - Level 15.0 Fighting
 - Level 3.0 Armour
 - Level 15.0 Dodging
 - Level 8.2 Stealth
 - Level 4.2 Shields
 O Level 27 Spellcasting
 + Level 19.2 Conjurations
 - Level 10.2 Charms
 - Level 5.0 Necromancy
 - Level 8.4 Translocations
 + Level 19.4 Fire Magic
 - Level 20.0 Air Magic
 - Level 15.0 Evocations


You had one spell level left.
You knew the following spells:

 Your Spells              Type           Power        Failure   Level  Hunger
e - Apportation           Tloc           #######...   0%          1    None
g - Passage of Golubria   Tloc           N/A          1%          4    None
h - Chain Lightning       Conj/Air       ########..   1%          8    None
i - Orb of Destruction    Conj           ########..   1%          7    None
j - Sticky Flame          Conj/Fire      ########     0%          4    None
k - Fireball              Conj/Fire      ########..   0%          5    None
l - Bolt of Fire          Conj/Fire      ########..   1%          6    None
o - Tornado               Air            ########..   4%          9    ###....
r - Regeneration          Chrm/Necr      #######...   1%          3    None
y - Fire Storm            Conj/Fire      ########..   4%          9    ###....
B - Blink                 Tloc           N/A          1%          2    None
H - Haste                 Chrm           #######.     1%          6    None
K - Delayed Fireball      Conj/Fire      N/A          1%          7    None
M - Deflect Missiles      Chrm/Air       #######...   1%          6    None
S - Phase Shift           Tloc           #######...   1%          5    None
W - Swiftness             Chrm/Air       #######.     0%          2    None

Inventory:

Hand Weapons
 a - the +3 Elemental Staff (weapon) {rElec rF++ rC++ MR++ AC+5}

   It affects your AC (+5).
   It greatly protects you from fire.
   It greatly protects you from cold.
   It insulates you from electricity.
   It affects your resistance to hostile enchantments.
Missiles
 p - 12 throwing nets (quivered)
Armour
 k - a +2 buckler of positive energy (worn)
 q - a +2 cloak of magic resistance (worn)
 H - a +2 pair of boots (worn)
 P - a +2 pair of gloves (worn)
 U - a +5 steam dragon armour (worn)
 W - the +2 hat of the Bear Spirit (worn) {Spirit, +Rage rN+ MR++}

   It protects you from negative energy.
   It affects your resistance to hostile enchantments.
   It lets you go berserk.
Magical Staves
 b - an uncursed staff of energy
Jewellery
 m - the macabre finger necklace (around neck) {rN+}

   [amulet of nothing]

   It protects you from negative energy.
 r - the ring of Jicvauh {Wiz rN+ Dex+2}

   [ring of wizardry]

   It improves your spell success rate.
   It affects your dexterity (+2).
   It protects you from negative energy.
 s - an uncursed amulet of regeneration
 y - a ring of magical power (right hand)
 L - an uncursed ring of poison resistance
 S - a ring of magical power (left hand)
 X - a ring of see invisible (on amulet)
 Z - an uncursed ring of resist corrosion
Wands
 w - a wand of draining (8/15)
 M - a wand of digging (10/24)
 N - a wand of disintegration (9/24)
 Q - a wand of teleportation (5/9)
Scrolls
 e - 11 scrolls of magic mapping
 g - 14 scrolls of remove curse
 h - a scroll of holy word
 i - 19 scrolls of teleportation
 o - 11 scrolls of blinking
 x - a scroll of enchant armour
 E - 4 scrolls of fog
 F - 6 scrolls of fear
 K - 3 scrolls of summoning
 O - 7 scrolls of identify
 T - 9 scrolls of recharging
Potions
 j - 8 potions of flight
 v - 18 potions of curing
 z - 6 potions of haste
 B - 8 potions of agility
 C - 8 potions of heal wounds
 D - 2 potions of cancellation
 G - 3 potions of cure mutation
 I - 5 potions of resistance
 V - a potion of invisibility
 Y - 4 potions of brilliance
Miscellaneous
 f - a fan of gales
 l - a phial of floods
Comestibles
 u - 16 bread rations
 A - 30 meat rations
 R - 66 fruits

Dungeon Overview and Level Annotations

Branches:
Dungeon (15/15)            Temple (0/1) D:7            Lair (8/8) D:9
 Shoals (4/4) Lair:3        Snake (4/4) Lair:6        Slime (6/6) Lair:8
    Orc (2/2) D:12            Elf (3/3) Orc:2        Vaults (4/5) D:14
  Crypt (3/3) Vaults:2       Tomb (0/3) Crypt:3      Depths (5/5) D:15
    Zot (0/5) Depths:5

Altars:
Ashenzari
Elyvilon
Fedhas
Gozag
Kikubaaqudgha
Makhleb
Nemelex Xobeh
Okawaru
Qazlal
Ru
Sif Muna
Trog
Vehumet
Xom
Yredelemnul
Zin
The Shining One
Beogh
Jiyva

Shops:
D:4 *   D:5 ?   D:7 ?   Orc:2 [(:*   Elf:1 =   Snake:1 *   Snake:4 *
Vaults:1 }   Vaults:2 [   Depths:3 [

Portals:
Hell: Depths:1 Depths:2 Depths:3 Depths:4 Depths:5
Abyss: Depths:2 Depths:4
Pandemonium: Depths:2 Depths:3
Ziggurat: Depths:5

Annotations:
D:8 slayr's ghost, novice MfIE
D:9 exclusion: downstairs
Shoals:4 exclusion: Roxanne, Roxanne
Elf:2 2 runed doors


Message History

The eldritch tentacle slaps you but does no damage.
The eldritch tentacle claws you but does no damage.
The eldritch tentacle slaps you but does no damage.
The eldritch tentacle claws you but does no damage.
You feel sick. The eldritch tentacle slaps you!
The eldritch tentacle claws you but does no damage.
You feel sick.
Drink which item? (? for menu, Esc to quit)
Your charged fireball dissipates.
Your magical effects are unravelling.
You feel slightly less contaminated with magical energies.
You feel magically purged.
You feel yourself slow down.
You flicker back into view.
You feel sick. The eldritch tentacle slaps you.
You block the eldritch tentacle's attack.
You cannot move.
You feel less woody.
Your +2 cloak of magic resistance unmelds from your body.
The +2 hat of the Bear Spirit {Spirit, +Rage rN+ MR++} unmelds from your body.
Your +2 pair of gloves unmelds from your body.
Your +2 pair of boots unmelds from your body.
Your +5 steam dragon armour unmelds from your body.
You feel resistant to hostile enchantments.
You feel spirits watching over you.
You feel sick. The eldritch tentacle slaps you!
You suddenly lose the ability to move!
The eldritch tentacle claws you but does no damage.
The eldritch tentacle slaps you.
The eldritch tentacle claws you but does no damage.
The eldritch tentacle slaps you but does no damage.
The eldritch tentacle claws you!! The eldritch tentacle shocks you. You resist.
You feel sick.
The eldritch tentacle slaps you but does no damage.
The eldritch tentacle completely misses you.
You feel sick. The eldritch tentacle slaps you!
You die...

# #.8.........8.##.........
# #......[......##.........
.# #.8.8..)..8.8.##.........
...
#.............##.........
....
#####.....########.####..
.... #...#.*...#...#..#.#
#.. #####
#......|......#..#.# #..
..)..####...8..w..8......#.#
#..
.))..'))'..)....@).......#.#
#..
....##'##...8.[.[.8......#.#
#.. ###
#.##................#.# #..
#.##...8.....8[.....#.# #..
#.##......[......#..#.# #..
#.##...#.....#...#..#.####..
#'######.....#####..#.......
#.# #...........##..#.#####.
#'# #..8.....8..##....# #.


You could see an eldritch tentacle.

Action                   |  1- 3 |  4- 6 |  7- 9 | 10-12 | 13-15 | 16-18 | 19-21 | 22-24 | 25-27 || total
-------------------------+-------+-------+-------+-------+-------+-------+-------+-------+-------++-------
Melee: Dagger            |       |       |    58 |       |       |       |       |       |       ||    58
       Staff             |       |       |       |       |       |       |    22 |    22 |    38 ||    82
 Fire: Blowgun           |       |    43 |    28 |    11 |    11 |       |       |       |       ||    93
 Cast: Flame Tongue      |    73 |   101 |   215 |   493 |   513 |    16 |       |       |       ||  1411
       Conjure Flame     |       |     2 |    25 |    52 |     8 |       |       |       |       ||    87
       Sticky Flame      |       |     2 |    19 |    66 |    56 |     5 |    24 |     2 |       ||   174
       Fireball          |       |       |     5 |     8 |    46 |    78 |    53 |    70 |       ||   260
       Bolt of Fire      |       |       |       |    23 |   320 |   240 |   744 |   736 |   319 ||  2382
       Delayed Fireball  |       |       |       |     1 |       |       |       |       |       ||     1
       Orb of Destructio |       |       |       |       |    45 |   199 |   120 |   158 |    45 ||   567
       Conjure Ball Ligh |       |       |       |       |    11 |       |       |       |       ||    11
       Phase Shift       |       |       |       |       |     6 |     3 |     5 |     2 |       ||    16
       Regeneration      |       |       |       |       |       |     3 |     3 |     3 |     2 ||    11
       Deflect Missiles  |       |       |       |       |       |     1 |     3 |     8 |       ||    12
       Chain Lightning   |       |       |       |       |       |       |    38 |    21 |   125 ||   184
       Haste             |       |       |       |       |       |       |     6 |     9 |     3 ||    18
       Apportation       |       |       |       |       |       |       |       |     1 |     1 ||     2
       Blink             |       |       |       |       |       |       |       |     1 |       ||     1
       Tornado           |       |       |       |       |       |       |       |    10 |    15 ||    25
Evoke: Wand              |       |       |       |       |     2 |       |     6 |     1 |     4 ||    13
       Staff of energy   |       |       |       |       |       |       |   366 |    72 |    52 ||   490
  Use: Scroll            |     2 |     4 |     9 |    10 |    12 |    13 |    15 |     6 |     4 ||    75
       Potion            |       |       |       |       |       |     1 |     5 |     1 |     7 ||    14
 Stab: Sleeping          |       |    12 |     1 |       |     1 |       |       |       |       ||    14
       Distracted        |       |       |       |     1 |       |       |       |       |       ||     1
       Confused          |       |       |       |       |       |       |     1 |       |       ||     1
  Eat: Chunk             |     4 |    22 |    22 |    37 |   151 |    96 |    96 |    36 |     2 ||   466
       Pizza             |       |       |       |       |       |       |     2 |     6 |     2 ||    10
       Beef jerky        |       |       |       |       |       |       |     2 |     7 |     1 ||    10
       Royal jelly       |       |       |       |       |       |       |       |     5 |     1 ||     6
       Fruit             |       |       |       |       |       |       |       |     3 |       ||     3
       Bread ration      |       |       |       |       |       |       |       |       |     4 ||     4
       Meat ration       |       |       |       |       |       |       |       |       |     2 ||     2

Notes
Turn   | Place    | Note
--------------------------------------------------------------
     0 | D:1      | Duffy the Deep Elf Fire Elementalist began the quest for the Orb.
     0 | D:1      | Reached XP level 1. HP: 10/10 MP: 6/6
   265 | D:1      | Reached skill level 2 in Conjurations
   332 | D:1      | Reached XP level 2. HP: 15/15 MP: 5/8
   499 | D:1      | Found a radiant altar of Vehumet.
   508 | D:1      | Became a worshipper of Vehumet
   583 | D:1      | Reached skill level 3 in Conjurations
   936 | D:1      | Reached XP level 3. HP: 19/19 MP: 7/9
   941 | D:1      | Learned a level 3 spell: Conjure Flame
  1900 | D:2      | Reached * piety under Vehumet
  1900 | D:2      | Offered knowledge of Shock by Vehumet.
  2197 | D:3      | Reached XP level 4. HP: 24/24 MP: 7/11
  2260 | D:3      | Learned a level 4 spell: Sticky Flame
  2278 | D:3      | Reached skill level 4 in Fire Magic
  2542 | D:3      | Found a sacrificial altar of Ru.
  2549 | D:3      | Reached skill level 4 in Conjurations
  2981 | D:3      | Found a basalt altar of Yredelemnul.
  3013 | D:3      | Reached XP level 5. HP: 28/28 MP: 10/12
  3143 | D:4      | Noticed an ogre
  3151 | D:4      | Killed an ogre
  3151 | D:4      | Reached skill level 4 in Spellcasting
  3204 | D:4      | Found Leptag's Assorted Antiques.
  3244 | D:4      | Bought a scroll labeled INYXZAZORAL for 20 gold pieces
  3298 | D:4      | Reached skill level 5 in Fire Magic
  3298 | D:4      | Reached XP level 6. HP: 32/32 MP: 14/14
  3476 | D:4      | Offered knowledge of Freeze by Vehumet.
  3476 | D:4      | Reached skill level 5 in Conjurations
  3888 | D:4      | Reached ** piety under Vehumet
  4378 | D:4      | Learned a level 5 spell: Fireball
  4379 | D:5      | Entered Level 5 of the Dungeon
  4414 | D:5      | Found a sparkling altar of Nemelex Xobeh.
  4642 | D:5      | Found a glowing drain.
  4713 | Sewer    | Entered a sewer
  4810 | Sewer    | Noticed Purgy
  4823 | Sewer    | Killed Purgy
  4823 | Sewer    | Reached skill level 2 in Fighting
  4823 | Sewer    | Reached XP level 7. HP: 28/40 MP: 12/16
  5012 | D:5      | Found Enifagh's Magic Scroll Shoppe.
  5017 | D:5      | Bought a scroll of identify for 22 gold pieces
  5017 | D:5      | Bought a scroll of identify for 22 gold pieces
  5017 | D:5      | Bought a scroll of identify for 22 gold pieces
  5017 | D:5      | Bought a scroll of identify for 22 gold pieces
  5342 | D:5      | Found a white marble altar of Elyvilon.
  5345 | D:5      | Found a radiant altar of Vehumet.
  5352 | D:5      | Found an opulent altar of Gozag.
  5355 | D:5      | Found a glowing golden altar of the Shining One.
  5383 | D:5      | Reached skill level 3 in Dodging
  5502 | D:5      | Offered knowledge of Mephitic Cloud by Vehumet.
  5967 | D:6      | Reached skill level 3 in Fighting
  5967 | D:6      | Reached skill level 4 in Dodging
  6217 | D:6      | Reached skill level 5 in Dodging
  6217 | D:6      | Reached XP level 8. HP: 46/46 MP: 15/17
  6402 | D:6      | Got a translucent dagger
  6433 | D:6      | Identified the +3 dagger of Propriety {pain, rN+ MP+9 Dex-3 SInv} (You found it on level 6 of the Dungeon)
  6656 | D:6      | Reached *** piety under Vehumet
  6701 | D:6      | Reached skill level 4 in Fighting
  7045 | D:7      | Found Vathraom's Magic Scroll Shop.
  7047 | D:7      | Bought a scroll of identify for 32 gold pieces
  7047 | D:7      | Bought a scroll of identify for 32 gold pieces
  7047 | D:7      | Bought a scroll of identify for 32 gold pieces
  7229 | D:7      | Reached skill level 5 in Fighting
  7551 | D:7      | Found a glowing silver altar of Zin.
  7551 | D:7      | Found a burning altar of Makhleb.
  7552 | D:7      | Found a bloodstained altar of Trog.
  7552 | D:7      | Found a stormy altar of Qazlal.
  7552 | D:7      | Found a shimmering altar of Xom.
  7553 | D:7      | Found an iron altar of Okawaru.
  7823 | D:7      | Reached skill level 6 in Fighting
  7884 | D:7      | Found a staircase to the Ecumenical Temple.
  8002 | D:7      | Offered knowledge of Dazzling Spray by Vehumet.
  8017 | D:7      | Reached skill level 7 in Fighting
  8303 | D:8      | Reached skill level 5 in Spellcasting
  8303 | D:8      | Reached XP level 9. HP: 54/57 MP: 14/18
  8522 | D:8      | Reached skill level 6 in Conjurations
  8585 | D:8      | Found a basalt altar of Yredelemnul.
  8595 | D:8      | Noticed slayr's ghost (novice MfIE)
  8781 | D:8      | Noticed Erolcha
  8785 | D:8      | Killed Erolcha
  8785 | D:8      | Reached skill level 6 in Spellcasting
  8785 | D:8      | Reached skill level 6 in Fire Magic
  8917 | D:8      | Learned a level 6 spell: Bolt of Fire
  8948 | D:8      | Reached skill level 7 in Conjurations
  8948 | D:8      | Reached skill level 7 in Fire Magic
  9655 | D:9      | Found a runed door.
  9665 | D:10     | Entered Level 10 of the Dungeon
 10135 | D:9      | Reached **** piety under Vehumet
 10216 | D:9      | Reached skill level 8 in Conjurations
 10290 | D:9      | Reached skill level 7 in Spellcasting
 10375 | D:9      | Offered knowledge of Venom Bolt by Vehumet.
 10461 | D:9      | Reached skill level 8 in Fire Magic
 10461 | D:9      | Reached XP level 10. HP: 53/63 MP: 16/22
 10879 | D:9      | Noticed an unseen horror
 10883 | D:9      | Killed an unseen horror
 11096 | D:9      | Found a runed door.
 11245 | D:9      | Found a runed door.
 11259 | D:9      | Found a runed door.
 11323 | D:9      | Reached skill level 9 in Conjurations
 11389 | D:9      | Reached skill level 9 in Fire Magic
 11649 | D:9      | Reached skill level 8 in Spellcasting
 11843 | D:9      | Found a staircase to the Lair.
 12265 | D:9      | Noticed an obsidian statue
 12607 | D:10     | Found a glowing golden altar of the Shining One.
 13338 | D:5      | Bought 3 scrolls of blinking for 247 gold pieces
 13338 | D:5      | Bought a scroll of teleportation for 33 gold pieces
 13338 | D:5      | Bought a scroll of teleportation for 33 gold pieces
 13376 | D:4      | Bought a coppery potion for 18 gold pieces
 13376 | D:4      | Bought a viscous red potion for 18 gold pieces
 13376 | D:4      | Bought a metallic white potion for 18 gold pieces
 13500 | Lair:1   | Entered Level 1 of the Lair of Beasts
 13500 | Lair:1   | Noticed a black mamba
 13506 | Lair:1   | Killed a black mamba
 13506 | Lair:1   | Reached skill level 10 in Conjurations
 13506 | Lair:1   | Reached skill level 10 in Fire Magic
 13857 | Lair:1   | Reached XP level 11. HP: 67/67 MP: 9/25
 13980 | Lair:1   | Found a frozen archway.
 14080 | IceCv    | Entered an ice cave
 14083 | IceCv    | Reached skill level 9 in Spellcasting
 14084 | IceCv    | Reached ***** piety under Vehumet
 14172 | Lair:1   | Offered knowledge of Delayed Fireball by Vehumet.
 14185 | Lair:1   | Learned a level 7 spell: Delayed Fireball
 14429 | Lair:1   | Noticed an eight-headed hydra
 14443 | Lair:1   | Killed an eight-headed hydra
 14527 | Lair:1   | Reached skill level 11 in Fire Magic
 14579 | Lair:1   | Reached skill level 11 in Conjurations
 15706 | Lair:2   | Reached skill level 10 in Spellcasting
 15991 | Lair:2   | Noticed Gastronok
 16053 | Lair:2   | Killed Gastronok
 16053 | Lair:2   | Reached skill level 12 in Conjurations
 16053 | Lair:2   | Reached skill level 12 in Fire Magic
 16088 | Lair:2   | Reached XP level 12. HP: 42/72 MP: 7/28
 16433 | Lair:2   | Reached skill level 3 in Stealth
 16603 | Lair:2   | Reached skill level 4 in Stealth
 16900 | Lair:2   | Noticed a seven-headed hydra
 16904 | Lair:2   | Killed a seven-headed hydra
 16904 | Lair:2   | Reached skill level 5 in Stealth
 17224 | Lair:3   | Reached skill level 6 in Stealth
 17408 | Lair:3   | Reached skill level 7 in Stealth
 17555 | Lair:3   | Reached skill level 8 in Stealth
 18090 | Lair:3   | Reached skill level 6 in Dodging
 18402 | Lair:3   | Found a staircase to the Shoals.
 18986 | Lair:4   | Reached skill level 7 in Dodging
 19200 | Lair:4   | Noticed an eight-headed hydra
 19205 | Lair:4   | Killed an eight-headed hydra
 19205 | Lair:4   | Reached skill level 8 in Fighting
 19300 | Lair:4   | Noticed a death yak
 19301 | Lair:4   | Noticed a death yak
 19302 | Lair:4   | Noticed a death yak
 19315 | Lair:4   | Killed a death yak
 19315 | Lair:4   | Reached skill level 8 in Dodging
 19430 | Lair:4   | Killed a death yak
 19543 | Lair:4   | Noticed a death yak
 19554 | Lair:4   | Noticed a death yak
 19558 | Lair:3   | Killed a death yak
 19563 | Lair:3   | Offered knowledge of Lightning Bolt by Vehumet.
 19668 | Lair:3   | Killed a death yak
 19668 | Lair:3   | Reached skill level 9 in Dodging
 19805 | Lair:4   | Reached XP level 13. HP: 61/79 MP: 22/29
 20787 | Lair:4   | Reached skill level 9 in Fighting
 21315 | Lair:4   | Reached skill level 10 in Dodging
 22571 | Lair:5   | Reached skill level 11 in Dodging
 22820 | Lair:5   | Reached skill level 10 in Fighting
 23881 | Lair:6   | Reached skill level 12 in Dodging
 24409 | Lair:6   | Found a staircase to the Snake Pit.
 25717 | D:11     | Reached skill level 13 in Fire Magic
 25989 | D:11     | Reached XP level 14. HP: 84/88 MP: 23/30
 26108 | D:11     | Found an ancient bone altar of Kikubaaqudgha.
 26576 | D:11     | Reached skill level 13 in Conjurations
 27319 | D:11     | Reached skill level 11 in Spellcasting
 27763 | D:11     | Offered knowledge of Orb of Destruction by Vehumet.
 27829 | D:11     | Learned a level 7 spell: Orb of Destruction
 28670 | Lair:7   | Reached skill level 12 in Spellcasting
 29607 | Lair:8   | Entered Level 8 of the Lair of Beasts
 30524 | Lair:8   | Reached skill level 13 in Spellcasting
 30844 | Lair:8   | Found a viscous altar of Jiyva.
 30845 | Lair:8   | Found a staircase to the Slime Pits.
 30864 | Lair:8   | Reached skill level 14 in Conjurations
 30995 | Lair:8   | Offered knowledge of Poisonous Cloud by Vehumet.
 31832 | Lair:8   | Reached skill level 14 in Spellcasting
 32736 | Lair:8   | Reached XP level 15. HP: 92/92 MP: 17/35
 33169 | Lair:8   | Reached skill level 15 in Conjurations
 33270 | Lair:8   | Reached skill level 15 in Spellcasting
 33781 | Lair:8   | Learned a level 5 spell: Phase Shift
 34056 | D:9      | Reached skill level 1 in Translocations
 34176 | D:12     | Offered knowledge of Conjure Ball Lightning by Vehumet.
 34215 | D:12     | Learned a level 6 spell: Conjure Ball Lightning
 34288 | D:12     | Reached skill level 2 in Translocations
 34916 | D:12     | Noticed Josephine
 34920 | D:12     | Killed Josephine
 34920 | D:12     | Reached skill level 3 in Translocations
 35217 | D:12     | Reached skill level 4 in Translocations
 35219 | D:12     | Found a staircase to the Orcish Mines.
 35931 | Orc:1    | Entered Level 1 of the Orcish Mines
 36003 | Orc:1    | Reached skill level 5 in Translocations
 36175 | Orc:2    | Entered Level 2 of the Orcish Mines
 36175 | Orc:2    | Noticed an orc warlord
 36179 | Orc:2    | Killed an orc warlord
 36324 | Orc:2    | Found a staircase to the Elven Halls.
 36342 | Orc:1    | Reached skill level 6 in Translocations
 36431 | Orc:1    | Noticed an orc warlord
 36636 | Orc:2    | Killed an orc warlord
 36636 | Orc:2    | Reached skill level 7 in Translocations
 36738 | Orc:1    | Offered knowledge of Spellforged Servitor by Vehumet.
 37481 | Orc:2    | Reached skill level 8 in Translocations
 37618 | Orc:2    | Reached skill level 1 in Air Magic
 37864 | Orc:2    | Found Ziodiminn's General Store.
 37954 | Orc:2    | Found Zyjas's Antique Weapon Emporium.
 37969 | Orc:2    | Found Pysuom's Book Boutique.
 38050 | Orc:2    | Reached skill level 2 in Air Magic
 38055 | Orc:2    | Reached skill level 3 in Air Magic
 38539 | Orc:2    | Found Efilat's Antique Armour Shoppe.
 38622 | Orc:2    | Found a roughly hewn altar of Beogh.
 38810 | Orc:2    | Bought a glowing cloak for 135 gold pieces
 38943 | Orc:2    | Bought a scroll of identify for 26 gold pieces
 38943 | Orc:2    | Bought a potion of brilliance for 52 gold pieces
 38943 | Orc:2    | Bought a scroll of teleportation for 39 gold pieces
 39160 | D:13     | Reached skill level 4 in Air Magic
 39839 | D:13     | Found a sparkling altar of Nemelex Xobeh.
 39841 | D:13     | Reached skill level 5 in Air Magic
 39968 | D:14     | Noticed Nessos
 39971 | D:14     | Killed Nessos
 40167 | D:14     | Found a portal to a secret trove of treasure.
 40346 | D:14     | Found a gate to the Vaults.
 40348 | D:14     | Offered knowledge of Iron Shot by Vehumet.
 40350 | D:14     | Reached skill level 6 in Air Magic
 40350 | D:14     | Reached XP level 16. HP: 97/97 MP: 27/37
 40523 | D:14     | Reached skill level 7 in Air Magic
 40956 | D:14     | Reached skill level 16 in Spellcasting
 41265 | D:14     | Got an encrusted cloak
 41276 | D:14     | Identified the cursed +0 cloak of Midwinter {rPois Int+2} (You found it on level 14 of the Dungeon)
 41879 | D:15     | Entered Level 15 of the Dungeon
 41949 | D:15     | Noticed PeterLawrence's ghost (journeyman GrFi)
 42354 | D:15     | Killed PeterLawrence's ghost
 42721 | D:15     | Reached skill level 17 in Spellcasting
 42786 | D:15     | Found a staircase to the Depths.
 42913 | D:15     | Noticed 4thArraOfDagon's ghost (journeyman CeBe)
 42918 | D:15     | Killed 4thArraOfDagon's ghost
 43592 | D:15     | Found a blossoming altar of Fedhas.
 43760 | Elf:1    | Entered Level 1 of the Elven Halls
 43924 | Elf:1    | Reached skill level 18 in Spellcasting
 44652 | Orc:2    | Bought a book of Necromancy for 390 gold pieces
 44659 | Orc:2    | Learned a level 3 spell: Regeneration
 44716 | Elf:1    | Reached skill level 1 in Charms
 44716 | Elf:1    | Reached skill level 1 in Necromancy
 44871 | Elf:1    | Reached skill level 2 in Charms
 44871 | Elf:1    | Reached skill level 2 in Necromancy
 45055 | Elf:1    | Reached skill level 3 in Charms
 45060 | Elf:1    | Reached skill level 3 in Necromancy
 45066 | Elf:1    | Reached skill level 4 in Charms
 45504 | Elf:1    | Noticed Donald
 45514 | Elf:1    | Killed Donald
 45514 | Elf:1    | Reached skill level 4 in Necromancy
 45664 | Elf:1    | Reached skill level 5 in Charms
 45807 | Elf:1    | Reached skill level 5 in Necromancy
 45941 | Elf:1    | Reached skill level 6 in Charms
 46172 | Elf:1    | Found Iphidogum's Jewellery Emporium.
 46406 | Elf:1    | Reached skill level 19 in Spellcasting
 46406 | Elf:1    | Reached XP level 17. HP: 102/102 MP: 36/42
 46949 | Elf:2    | Noticed Asterion
 47449 | Elf:2    | Killed Asterion
 47526 | Elf:2    | Reached skill level 11 in Fighting
 47649 | Elf:2    | Found a runed door.
 47671 | Elf:2    | Found a runed door.
 48261 | Elf:2    | Reached ****** piety under Vehumet
 48678 | Elf:2    | Reached skill level 12 in Fighting
 49107 | Elf:3    | Entered Level 3 of the Elven Halls
 49361 | Elf:3    | Noticed Nikola
 49371 | Elf:3    | Killed Nikola
 49673 | Elf:3    | Noticed Saint Roka
 49681 | Elf:3    | Killed Saint Roka
 50551 | Elf:3    | Reached skill level 13 in Fighting
 51037 | Elf:3    | Noticed a deep elf blademaster
 51428 | Elf:3    | Got a crude leather armour
 51482 | Elf:3    | Reached XP level 18. HP: 97/116 MP: 14/43
 51587 | Elf:3    | Identified the cursed +1 leather armour "Dukorch" {MR++} (You took it off a deep elf sorcerer on level 3 of the Elven Halls)
 51865 | Elf:3    | Reached skill level 14 in Fighting
 53102 | Elf:3    | Reached skill level 15 in Fighting
 53183 | Elf:3    | Got an encrusted leather armour
 53184 | Elf:3    | Identified the +1 leather armour of the Dice {+Blink rN+} (You took it off a deep elf annihilator on level 3 of the Elven Halls)
 53206 | Elf:3    | Got a crude platinum ring
 53220 | Elf:3    | Reached skill level 1 in Evocations
 53276 | Elf:3    | Reached skill level 2 in Evocations
 53286 | Elf:3    | Reached skill level 3 in Evocations
 53398 | Elf:3    | Reached skill level 4 in Evocations
 53624 | Elf:3    | Reached skill level 5 in Evocations
 53865 | Elf:3    | Reached skill level 6 in Evocations
 53894 | Elf:3    | Offered knowledge of Fire Storm by Vehumet.
 53894 | Elf:3    | Offered knowledge of Chain Lightning by Vehumet.
 53894 | Elf:3    | Offered knowledge of Tornado by Vehumet.
 54063 | Elf:3    | Reached skill level 7 in Evocations
 54180 | Elf:3    | Got a brightly glowing copper ring
 54189 | Elf:3    | Identified the cursed ring "Quxkaal" {-Tele Str+6 Dex-2 Slay+3} (You took it off a deep elf demonologist on level 3 of the Elven Halls)
 54358 | Elf:3    | Identified Roxanne's Papyrus of the Rocks and Transmutation (You found it on level 3 of the Elven Halls)
 54379 | Elf:3    | Learned a level 6 spell: Haste
 54386 | Elf:3    | Learned a level 6 spell: Deflect Missiles
 54410 | Elf:3    | Identified the Tome of Hexes (You found it on level 3 of the Elven Halls)
 54925 | Elf:3    | Identified the ring "Uttuj" {rPois MP-9 AC+3 Str+2} (You took it off a deep elf high priest on level 3 of the Elven Halls)
 55469 | Snake:1  | Entered Level 1 of the Snake Pit
 55547 | Snake:1  | Found Poemin's Assorted Antiques.
 55809 | Snake:1  | Found a shattered altar of Ashenzari.
 56074 | Snake:1  | Reached skill level 7 in Charms
 56524 | Snake:1  | Reached skill level 8 in Air Magic
 56560 | Snake:1  | Reached skill level 8 in Charms
 56963 | Snake:2  | Noticed Aizul
 56972 | Snake:1  | Killed Aizul
 57481 | Snake:1  | Reached skill level 9 in Charms
 57959 | Snake:2  | Reached skill level 10 in Charms
 57959 | Snake:2  | Reached XP level 19. HP: 124/124 MP: 10/44
 58789 | Snake:2  | Reached skill level 9 in Air Magic
 59180 | Snake:3  | Reached skill level 1 in Armour
 59330 | Snake:2  | Reached skill level 2 in Armour
 59717 | Snake:3  | Reached skill level 3 in Armour
 59886 | Snake:3  | Reached skill level 8 in Evocations
 60515 | Snake:3  | Reached skill level 9 in Evocations
 60808 | Snake:4  | Entered Level 4 of the Snake Pit
 61244 | Snake:4  | Reached skill level 10 in Evocations
 61834 | Snake:4  | Found Loba's General Store.
 61877 | Snake:4  | Bought a scroll of identify for 30 gold pieces
 62771 | Snake:4  | Reached skill level 20 in Spellcasting
 63703 | Snake:4  | Reached skill level 13 in Dodging
 64497 | Snake:4  | Reached skill level 14 in Dodging
 64676 | Snake:4  | Reached XP level 20. HP: 129/129 MP: 34/46
 64824 | Snake:4  | Got a serpentine rune of Zot
 65764 | Shoals:1 | Entered Level 1 of the Shoals
 65923 | Shoals:1 | Reached skill level 15 in Dodging
 66581 | Shoals:1 | Gained mutation: You evolve. [potion of beneficial mutation]
 66594 | Shoals:1 | Noticed Frances
 66604 | Shoals:1 | Killed Frances
 66883 | Shoals:1 | Lost mutation: You evolve. [end of evolution]
 66912 | Shoals:1 | Reached skill level 10 in Air Magic
 67620 | Shoals:2 | Learned a level 8 spell: Chain Lightning
 67682 | Shoals:2 | Reached skill level 11 in Air Magic
 68811 | Shoals:3 | Reached skill level 12 in Air Magic
 69615 | Shoals:3 | Noticed Polyphemus
 69626 | Shoals:3 | Killed Polyphemus
 69824 | Shoals:3 | Reached skill level 13 in Air Magic
 70283 | Shoals:4 | Entered Level 4 of the Shoals
 71163 | Shoals:4 | Noticed Ilsuiw
 71198 | Shoals:4 | Killed Ilsuiw
 71198 | Shoals:4 | Reached skill level 14 in Air Magic
 71906 | Shoals:4 | Reached XP level 21. HP: 122/134 MP: 30/47
 71916 | Shoals:4 | Noticed Roxanne
 72205 | Shoals:4 | Got a pitted bronze ring
 72207 | Shoals:4 | Identified the ring of Xom's Bemusement {+Fly Str+2} (You found it on level 4 of the Shoals)
 72650 | Shoals:4 | Reached skill level 15 in Air Magic
 72874 | Shoals:4 | Got a barnacled rune of Zot
 73595 | Snake:1  | Bought a dented cabochon amulet for 190 gold pieces
 73899 | Elf:1    | Bought the macabre finger necklace {rN+} for 336 gold pieces
 74740 | Vaults:1 | Entered Level 1 of the Vaults
 76675 | Vaults:1 | Found Huameb's Gadget Shop.
 77335 | Vaults:2 | Reached skill level 16 in Conjurations
 77929 | Vaults:2 | Found a roughly hewn altar of Beogh.
 78012 | Vaults:2 | Reached skill level 16 in Air Magic
 78252 | Vaults:2 | Found Amant's Armour Emporium.
 79028 | Vaults:2 | Reached skill level 21 in Spellcasting
 79194 | Vaults:2 | Reached XP level 22. HP: 140/140 MP: 43/49
 79878 | Vaults:2 | Reached skill level 17 in Conjurations
 79892 | Vaults:2 | Found a staircase to the Crypt.
 80932 | Vaults:3 | Reached skill level 17 in Air Magic
 81554 | Vaults:3 | Reached skill level 22 in Spellcasting
 82617 | Vaults:4 | Reached skill level 11 in Evocations
 83214 | Vaults:4 | Reached skill level 12 in Evocations
 85514 | Vaults:4 | Learned a level 9 spell: Tornado
 85558 | Vaults:4 | Reached XP level 23. HP: 144/144 MP: 51/51
 86069 | Depths:1 | Entered Level 1 of the Depths
 86145 | Depths:1 | Learned a level 1 spell: Apportation
 86148 | Depths:1 | Learned a level 2 spell: Blink
 86334 | Depths:1 | Reached skill level 23 in Spellcasting
 86540 | Depths:1 | Reached skill level 18 in Air Magic
 87013 | Depths:1 | Found a deep blue altar of Sif Muna.
 87312 | Depths:1 | Identified Sif Muna's Disquisition on Companions (You found it on level 1 of the Depths)
 87372 | Depths:1 | Got a transparent platinum amulet
 87373 | Depths:1 | Identified the amulet "Isoiriutto" {Dismiss rPois} (You took it off a vampire mage on level 1 of the Depths)
 87837 | Depths:1 | Found a gateway to Hell.
 88894 | Depths:2 | Found a one-way gate to the infinite horrors of the Abyss.
 89482 | Depths:2 | Reached skill level 24 in Spellcasting
 89846 | Depths:2 | Reached skill level 19 in Air Magic
 90038 | Depths:2 | Noticed a caustic shrike
 90045 | Depths:2 | Killed a caustic shrike
 90171 | Depths:2 | Learned a level 2 spell: Swiftness
 90176 | Depths:2 | Learned a level 4 spell: Passage of Golubria
 90406 | Depths:2 | Found a one-way gate leading to the halls of Pandemonium.
 91701 | Depths:3 | Reached skill level 1 in Shields
 91774 | Depths:3 | Reached skill level 2 in Shields
 92045 | Depths:3 | Reached XP level 24. HP: 150/150 MP: 47/53
 92108 | Depths:3 | Reached skill level 3 in Shields
 92411 | Depths:3 | Reached skill level 4 in Shields
 92706 | Depths:3 | Found Vugut's Armour Boutique.
 92989 | Depths:3 | Noticed Agnes
 93020 | Depths:3 | Reached skill level 25 in Spellcasting
 93099 | Depths:3 | Killed Agnes
 94272 | Depths:4 | Found a magical portal.
 94289 | WizLab   | Entered Zonguldrok's Shrine
 94373 | WizLab   | Reached skill level 26 in Spellcasting
 94718 | WizLab   | Noticed an antique lich
 94722 | WizLab   | Killed an antique lich
 94819 | WizLab   | Identified the Tome of Floating Battle Magic (You found it in a wizard's laboratory)
 94825 | WizLab   | Identified the Catalogue of the Frostbite (You found it in a wizard's laboratory)
 95578 | Depths:4 | Reached skill level 27 in Spellcasting
 96407 | Depths:4 | Reached skill level 20 in Air Magic
 96992 | Depths:5 | Entered Level 5 of the Depths
 97184 | Depths:5 | Found a gateway to a ziggurat.
 97301 | Depths:5 | Reached skill level 13 in Evocations
 97492 | Depths:5 | Reached XP level 25. HP: 105/155 MP: 40/56
 97981 | Depths:5 | Reached skill level 14 in Evocations
 98113 | Depths:5 | Found a gate to the Realm of Zot.
 98486 | Depths:5 | Found a deep blue altar of Sif Muna.
 99047 | Slime:1  | Entered Level 1 of the Pits of Slime
 99055 | Slime:1  | Reached skill level 15 in Evocations
 99428 | Slime:6  | Entered Level 6 of the Pits of Slime
 99826 | Slime:6  | Noticed the Royal Jelly
 99839 | Slime:6  | Killed the Royal Jelly
 99839 | Slime:6  | Reached skill level 14 in Fire Magic
100152 | Slime:6  | Reached skill level 15 in Fire Magic
100432 | Slime:6  | Got a heavily runed iron ring
100433 | Slime:6  | Identified the ring of Xom's Condemnation {*Tele Int+4 Dex+3} (You found it on level 6 of the Pits of Slime)
100582 | Slime:6  | Got a slimy rune of Zot
100584 | Slime:6  | Identified the Almanac of Displacement and Toxins (You found it on level 6 of the Pits of Slime)
100633 | Slime:6  | Got a wavering lead ring
100655 | Slime:6  | Identified the ring of Jicvauh {Wiz rN+ Dex+2} (You found it on level 6 of the Pits of Slime)
101324 | D:14     | You showed the slimy rune of Zot to enter a treasure trove
101325 | Trove    | Entered a treasure trove
101356 | Trove    | Got a pitted eveningstar
101361 | Trove    | Got a fine eveningstar
101364 | Trove    | Got a shimmering quick blade
101382 | Trove    | Identified the +3 quick blade of the Jester {flame, Str+3} (You found it in a treasure trove)
101383 | Trove    | Identified the +3 eveningstar "Jewk" {flame, rN+} (You found it in a treasure trove)
101384 | Trove    | Identified the +5 eveningstar of the Morning {crush, Int+4} (You found it in a treasure trove)
101822 | Crypt:1  | Entered Level 1 of the Crypt
102203 | Crypt:1  | Reached skill level 16 in Fire Magic
102509 | Crypt:1  | Reached XP level 26. HP: 160/160 MP: 56/56
102595 | Crypt:1  | Reached skill level 17 in Fire Magic
104205 | Crypt:2  | Reached skill level 18 in Fire Magic
104702 | Crypt:2  | Reached XP level 27. HP: 135/165 MP: 36/56
104982 | Crypt:2  | Reached skill level 18 in Conjurations
105768 | Crypt:2  | Learned a level 9 spell: Fire Storm
105769 | Crypt:3  | Entered Level 3 of the Crypt
105935 | Crypt:3  | Found a staircase to the Tomb.
107136 | Crypt:3  | Reached skill level 19 in Fire Magic
107691 | Crypt:3  | Reached skill level 19 in Conjurations
107965 | Crypt:3  | Noticed an ancient lich
107985 | Crypt:3  | Killed an ancient lich
108016 | Crypt:3  | Paralysed by an eldritch tentacle for 4 turns
108019 | Crypt:3  | Mangled by an eldritch tentacle

Vault maps used:
D:1:      minmay_arrival_wavy_path, kennysheep_flooded_box
D:3:      yredelemnul_forgotten_temple_becter, lemuel_crystal_altar, first_bread
D:4:      serial_shops, shop
D:5:      grunt_temple_overflow_cloverleaf, serial_shops, shop,
          portal_sewer_entry_c, grunt_ministairs_3, nemelex_spade_bored_becter
D:7:      grunt_temple_overflow_open, minmay_temple_entry_nine_rooms,
          serial_shops, shop
D:8:      yredelemnul_altar_generic, uniq_erolcha
D:9:      lair_0_dummy, serial_ice, serial_ice_k, serial_ice_b, serial_ice_h,
          serial_ice_g, hangedman_tell_no_tales, st_stairs_5,
          minmay_statue_crystal_thing
D:10:     stair_cage_line, minivault_24, tso_metal_star
D:11:     basic_altar, kennysheep_island_fort
D:12:     erik_orc_2, uniq_josephine
D:13:     nemelex_deck
D:14:     lightli_vaults_fourway_checkpoint, trove_entry_hex_spiral,
          minmay_misc_feat_four_crosses, uniq_nessos
D:15:     grunt_enter_depths_snipers, fedhas_altar_fruit_tree
Lair:1:   portal_ice_cave_entry_ice_beasts, cheibrodos_lair_reptile_den,
          grunt_megastairs_5
Lair:2:   infiniplex_staircase_pool_2, uniq_gastronok
Lair:3:   minmay_shoals_entry_centaurs
Lair:4:   grunt_megastairs_2, serial_bayou_shore_a
Lair:5:   dragon1_lemuel, beast_lair_carwin_11, grunt_megastairs_1,
          serial_bayou_shore_b
Lair:6:   dummy_snake_entry
Lair:7:   st_stairs_13, wad_woods_antlair, lemuel_fruit_tree
Lair:8:   evilmike_catoblepas_cave, slime_altar_1,
          grunt_forest_large_clearing_hut
Shoals:1: uniq_frances
Shoals:2: nicolae_shoals_hunting_party
Shoals:3: nicolae_shoals_loop_pool, uniq_polyphemus
Shoals:4: shoals_end_grunt_ice, shoals_ilsuiw_ice, uniq_roxanne
Snake:1:  serial_shops, nicolae_shop_waterfront, basic_altar, st_stairs_5
Snake:2:  st_stairs_5, uniq_aizul
Snake:4:  snake_pit_salamanders_mu, serial_shops, nicolae_shop_crystal
Orc:2:    grunt_orc_gardens, grunt_orc_garden, grunt_orc_garden,
          grunt_orc_garden, grunt_orc_garden, lemuel_statue_altar
Elf:1:    serial_shops, shop, hangedman_elven_crosses_minicolossus,
          nicolae_elf_v_pinch, uniq_donald
Elf:2:    uniq_asterion
Elf:3:    minmay_elf_hall_hex, spider_trap, hex_tiny, uniq_nikola,
          uniq_saint_roka
Vaults:1: v_misc_14, v_misc_16, ontoclasm_vaults_hangar, v_misc_12, v_misc_11,
          v_misc_2, serial_shops, nicolae_shop_behind_doors
Vaults:2: special_room_vaults, nicolae_vaults_yaktaur_gun_rack,
          minmay_crypt_entry_skeletal_spiral, v_pattern_4,
          ontoclasm_vaults_ligature, hangedman_vaults_nodes,
          nicolae_vaults_theta, hangedman_vaults_variations,
          nicolae_vaults_ninety_degrees, v_misc_4, serial_shops, shop
Vaults:3: nicolae_vaults_lopsided_apartments, vaults_room_fours,
          dpeg_vaults_monster_box, hangedman_vaults_nails, v_misc_27,
          v_alt_pattern_4, hangedman_vaults_capsules, hangedman_vaults_trim,
          nicolae_vaults_shelves_hall, ontoclasm_vaults_ring_square,
          vaults_mumra_lcd
Vaults:4: hangedman_vaults_unwind, hangedman_vaults_stream,
          hangedman_vaults_corner, ontoclasm_vaults_hangar, vaults_room_octagon,
          vaults_mumra_minichess, v_misc_2, nicolae_vaults_little_squares_2,
          vaults_room_pools, vaults_room_hallway, hangedman_vaults_hat,
          ontoclasm_vaults_decontamination
Crypt:1:  grunt_ministairs_4, minicrypt_bobbens
Crypt:2:  corexii_leaking_fountain
Crypt:3:  due_elkab
Depths:1: hellmouth_1, hangedman_summoners_spam
Depths:2: kennysheep_snake, pf_hell_entry_tar_river, dk_noncrumbling_3,
          rand_demon_pan_entry_7, abyss_entry, grunt_ministairs_9,
          minmay_staircase_windowed_small
Depths:3: minmay_spriggan_fort, rand_demon_pan_entry_1, hell_entry,
          serial_sigils_hangedman_clutch, serial_shops, kennysheep_little_box,
          sword_in_stone, infiniplex_staircase_diamond
Depths:4: minmay_haunted_quarter, kennysheep_path_1,
          infiniplex_enter_wizlab_glasses, grunt_hell_horde,
          hangedman_abyss_entry_splay, firewood_loft,
          infiniplex_staircase_split_hallway
Depths:5: grunt_zot_entry_tricorne, enter_ziggurat_e, hell_entry,
          old_standard_altar
Trove:    trove_weapon_1
Sewer:    sewer_the_crocodile
IceCv:    ice_cave_small_giant
WizLab:   wizlab_zonguldrok

Vanquished Creatures
  the Royal Jelly
  2 ancient liches Saint Roka
  A caustic shrike
  A golden dragon Nikola
  5 liches
  A tentacled monstrosity Asterion
  4 deep elf blademasters
  13 acid blobs
  A quicksilver dragon Frances Polyphemus
  A kraken
  A deep elf master archer
  A sphinx
  10 ancient champions Gastronok Agnes
  2 tengu reavers
  A storm dragon
  A shadow dragon
  2 revenants
  7 greater nagas Ilsuiw
  13 azure jellies
  A draconian knight Donald
  8 fire giants
  2 iron dragons
  12 deep elf sorcerers
  2 draconian scorchers
  A caustic shrike zombie
  14 vault wardens
  2 orc warlords Aizul
  10 ghouls
  3 frost giants
  5 curse skulls
  A cacodemon
  6 spriggan defenders
  A reaper
  15 ironheart preservers
  A deep elf elementalist
  12 very ugly things
  The ghost of PeterLawrence the Basher, a journeyman GrFi of Okawaru
  20 stone giants
  3 deep elf demonologists
  9 vampire knights
  A salamander stormcaller
  A mottled draconian
  14 deep elf annihilators Nessos
  8 spark wasps
  A black draconian
  A red draconian
  A white draconian
  A yellow draconian
  3 crystal guardians
  An eidolon
  24 jiangshi
  15 ettins
  17 fire dragons Josephine
  A mummy priest
  9 merfolk javelineers
  10 deep elf death magi
  The ghost of 4thArraOfDagon the Spear-Bearer, a journeyman CeBe of Trog
  15 vault guards
  11 yaktaur captains
  8 death oozes
  13 merfolk impalers
  12 great orbs of eyes
  10 deep elf high priests
  A rakshasa
  9 entropy weavers
  A caustic shrike simulacrum
  11 naga warriors
  8 hydras
  A juggernaut simulacrum
  8 spriggan air magi
  2 merfolk avatars
  17 ogre magi
  9 ice dragons
  7 catoblepae
  9 centaur warriors
  6 merfolk aquamancers
  7 death knights
  2 alligator snapping turtles
  4 satyrs Erolcha
  18 anacondas
  6 tengu warriors
  12 deep troll earth magi
  28 death yaks
  5 deep troll shamans
  14 vampire magi
  A queen ant
  2 small abominations
  17 shock serpents
  23 dancing weapons
  2 orc high priests
  13 naga sharpshooters
  3 hell knights
  3 soul eaters
  4 hell hogs
  2 iron trolls
  25 deep elf knights
  8 shadow wraiths
  6 spriggan berserkers
  A fire crab
  55 skeletal warriors
  13 sea snakes
  4 salamander mystics
  A ghost moth zombie
  7 flayed ghosts
  2 spriggan druids
  9 naga ritualists
  A storm dragon skeleton
  7 giant orange brains
  5 unseen horrors
  2 wizards
  An obsidian statue
  31 deep trolls
  22 ball lightnings
  23 deep elf archers
  12 hill giants
  2 shadow dragon zombies
  5 necromancers
  13 phantasmal warriors
  5 lindwurms
  9 ironbrand convokers
  An anaconda skeleton
  14 harpies
  18 orc knights
  13 mana vipers
  A golden dragon skeleton
  5 orc sorcerers
  2 shining eyes
  An iron dragon zombie
  A mana viper (shapeshifter)
  A wolf spider
  69 deep elf magi
  A wolf spider zombie
  A frost giant zombie
  A fire giant zombie
  16 griffons
  11 manticores
  2 tengu skeletons
  2 hornets
  13 fauns
  A salamander (shapeshifter)
  12 salamanders
  20 cyclopes
  9 water nymphs
  44 ugly things
  2 centaur zombies
  8 guardian serpents
  2 black mambas (shapeshifter)
  A shock serpent zombie
  3 fire giant skeletons
  2 guardian serpents (shapeshifter)
  A rust devil
  12 elephants
  11 sirens
  54 black mambas
  A molten gargoyle
  26 naga magi
  14 vault sentinels
  A frost giant skeleton
  An orange demon
  A gargoyle
  3 eyes of devastation
  A titan simulacrum
  5 spectral swamp worms
  A smoke demon
  16 spiny frogs
  43 yaktaurs
  A yaktaur (shapeshifter)
  2 efreet
  A hellion
  5 kobold demonologists
  10 komodo dragons
  2 dire elephant skeletons
  A hellwing
  A yaktaur skeleton
  2 red devils
  A grey draconian skeleton
  37 merfolk
  An ice devil
  A green draconian skeleton
  9 human skeletons
  4 fire drakes
  A queen bee (shapeshifter)
  5 tengu conjurers
  2 jumping spiders
  7 trolls
  28 two-headed ogres
  14 freezing wraiths
  A hydra skeleton
  8 wind drakes
  A polar bear (shapeshifter)
  2 polar bears
  A raiju (shapeshifter)
  25 blink frogs
  3 boulder beetles
  A harpy skeleton
  A tengu simulacrum
  A satyr zombie
  2 ettin zombies
  9 snapping turtles
  A snapping turtle (shapeshifter)
  A stone giant simulacrum
  A bog body
  2 human simulacra
  2 ice dragon zombies
  A guardian serpent skeleton
  12 air elementals
  70 slime creatures
  8 flying skulls
  A griffon skeleton
  61 yaks
  22 spriggans
  2 ettin skeletons
  A fire dragon skeleton
  3 shadows
  11 wraiths
  5 basilisks
  28 water elementals
  4 vampires
  21 redbacks
  7 hill giant zombies
  A tarantella (shapeshifter)
  2 wyverns
  3 fire elementals
  7 golden eyes
  A human (shapeshifter)
  20 hippogriffs
  A hog (shapeshifter)
  25 vampire mosquitoes
  4 hungry ghosts
  A steam dragon
  5 mottled dragons
  46 wolves
  36 nagas
  5 hell hounds
  3 wargs
  A deep troll zombie
  6 soldier ants
  17 porcupines
  15 water moccasins Purgy
  57 orc warriors
  A hell hound (shapeshifter)
  14 ice beasts
  4 sky beasts
  2 black bears
  72 ogres
  A snapping turtle zombie
  4 wasps
  3 necrophages
  2 phantoms
  A spiny frog skeleton
  3 eyes of draining
  21 centaurs
  A snapping turtle skeleton
  20 boggarts
  2 orc skeletons
  2 swamp dragon skeletons
  18 crocodiles
  7 big kobolds
  A hog skeleton
  12 giant frogs
  An octopode zombie
  A wyvern zombie
  A giant frog (shapeshifter)
  3 earth elementals
  A glowing shapeshifter simulacrum
  A cyclops skeleton
  4 scorpions
  A water moccasin skeleton
  A hippogriff zombie
  9 killer bees
  7 troll zombies
  11 electric eels
  24 wights
  4 spriggan skeletons
  A troll skeleton
  A lava snake
  A wasp zombie
  4 crimson imps
  A yaktaur simulacrum
  2 giant frog zombies
  2 quasits
  5 hounds
  23 orc priests
  27 jellies
  27 orc wizards
  7 centaur skeletons
  4 giant frog skeletons
  A black bear skeleton
  9 iguanas
  26 worker ants
  A killer bee zombie
  40 sheep
  A giant frog simulacrum
  10 ogre zombies
  A centaur simulacrum
  An ogre skeleton
  A hound zombie
  3 hound skeletons
  8 adders
  A hound simulacrum
  73 river rats
  7 shadow imps
  3 white imps
  An ufetubus
  2 worm zombies
  An adder skeleton
  4 worms
  2 adder simulacra
  4 giant geckos
  113 orcs
  6 bats
  7 giant cockroaches
  8 hobgoblins
  20 jackals
  5 quokkas
  2 ball pythons
  A giant gecko skeleton
  3 giant newts
  A giant newt skeleton
  A giant newt zombie
  A gnoll skeleton
  12 goblins
  A jackal skeleton
  26 kobolds
  An orc zombie
  2 quokka skeletons
  10 rats
  A spectral orc
  2 bushes
  51 eldritch tentacle segments
  67 fungi
  8 lost souls
  261 plants
  4 tentacles
  46 tentacle segments
3316 creatures vanquished.
